[Event "Late-Titled-Tuesday-Blitz-May-07-2024"]
[Site "Chess.com"]
[Date "2024.05.07"]
[Round "5"]
[White "Denmark2015"]
[Black "YouShallNotPass001"]
[Result "0-1"]
[WhiteElo "2584"]
[BlackElo "2469"]
[TimeControl "180+1"]
[EndTime "14:55:51 PDT"]
[Termination "YouShallNotPass001 won by resignation"]

1. d4 Nf6 2. c4 e6 3. Nc3 c5 4. d5 exd5 5. cxd5 d6 6. e4 g6 7. f4 Bg7 8. Bb5+ Nfd7 9. a4 O-O 10. Nf3 Na6 11. O-O Nc7 12. Bc4 a6 13. Re1 Rb8 14.
e5 b5 15. axb5 axb5 16. Bf1 Nb6 17. Bxb5 Nxb5 18. Nxb5 dxe5 19. Nc3 e4 20. Nxe4 Qxd5 21. Qxd5 Nxd5 22. Nxc5 Bxb2 23. Bxb2 Rxb2 24. Nd3 Rb3 25. Nc5 Rc3 26. Ne4 Rc4 27. g3 Bf5 28. Nd6 Rc3 29. Rad1 Bc2 30. Rxd5 Rxf3 31. Rd2 Ba4 32. Re7 Rc3 33.
Ne4 Rc1+ 34. Kf2 Bc6 35. Ng5 Rh1 36. Nf3 Rb8 37. Rc7 Rb6 38. Rc2 Be4 39. h4 Bxc2 40.
Rxc2 Rhb1 41. Rc8+ Kg7 42. Ne5 R1b2+ 43. Ke3 R6b3+ 44.
Nd3 Rg2 45. Kf3 Rd2 0-1

[Event "Late-Titled-Tuesday-Blitz-May-07-2024"]
[Site "Chess.com"]
[Date "2024.05.07"]
[Round "5"]
[White "karinachess1"]
[Black "Andrii_Prydun"]
[Result "1-0"]
[WhiteElo "2590"]
[BlackElo "2423"]
[TimeControl "180+1"]
[EndTime "14:55:54 PDT"]
[Termination "karinachess1 won by resignation"]

1. d4 Nf6 2. c4 c6 3. Nf3 d5 4. g3 e6 5. Bg2 Nbd7 6. Qd3 Qa5+ 7. Bd2 Qa6 8. b3 b5 9. cxd5 cxd5 10. O-O b4 11. Qe3 Ne4 12. Ng5 Nxg5 13. Qxg5 Qxe2 14.
Re1 Qd3 15. Qxd5 Rb8 16. Bf4 Be7 17. Qa5 Qxd4 18. Nd2 Qb6 19. Qa4 Rb7 20. Nc4 Qb5 21.
Bxb7 Qxa4 22. bxa4 Bxb7 23. Nd6+ Bxd6 24. Bxd6 Nb6 25.
a5 Nd5 26. Bxb4 Kd7 27. a3 h5 28. Rac1 h4 29. Bd2 hxg3 30. fxg3 g6 31. Bf4 f5 32.
Be5 Rh7 33. Rb1 Bc6 34. a6 g5 35. Rec1 f4 36. Rb7+ Bxb7 37. axb7 Rh8 38. b8=Q Rxb8 39. Bxb8 1-0

[Event "Late-Titled-Tuesday-Blitz-May-07-2024"]
[Site "Chess.com"]
[Date "2024.05.07"]
[Round "5"]
[White "xasid81"]
[Black "TheDevilAdvisoR"]
[Result "0-1"]
[WhiteElo "2605"]
[BlackElo "2498"]
[TimeControl "180+1"]
[EndTime "14:55:56 PDT"]
[Termination "TheDevilAdvisoR won by resignation"]

1. h4 c5 2. Nf3 Nc6 3. Nc3 d5 4. e4 d4 5. Ne2 Bg4 6. Ng3 e5 7. Bc4 Nf6 8. d3 h6 9. c3 Bd6 10. Qb3 O-O 11. Qxb7 Na5 12. Qa6 Bc8 13. Qb5 Bd7 14.
Qa6 Bc8 15. Qb5 a6 16. Qa4 Bd7 17. Qc2 Nxc4 18. dxc4 Re8 19. O-O Bg4 20. Nh2 Be6 21.
b3 Nd7 22. Qe2 Qxh4 23. Qh5 Qxh5 24. Nxh5 g6 25. Ng3 Kg7 26. Bb2 a5 27. f4 exf4 28. Ne2 dxc3 29. Bxc3+ Be5 30. Bxe5+ Nxe5 31. Nxf4 a4 32.
Nf3 Bg4 33. Nd5 axb3 34. axb3 Rxa1 35. Rxa1 Bxf3 36. gxf3 Nxf3+ 37. Kf2 Nd2 38. Ra3 Nxe4+ 39. Ke3 h5 40. Ra5 h4 41. Kf4 f5 42. Ra7+ Kh6 43.
Ne3 Rf8 44. Ra6 h3 45. Ra1 g5+ 46. Ke5 g4 47. Kf4 Nd6 48. Ra6 Rf6 49. Ke5 Kg5 50.
Kd5 Ne4 51. Ra8 h2 52. Rh8 Rh6 53. Rxh6 Kxh6 54. Nxf5+ Kg5 55. Kxe4 h1=Q+ 56. Ke5 Qe1+ 57. Kd5 Kxf5 0-1

[Event "Late-Titled-Tuesday-Blitz-May-07-2024"]
[Site "Chess.com"]
[Date "2024.05.07"]
[Round "5"]
[White "DanielDardha2005"]
[Black "Goryachkina"]
[Result "1-0"]
[WhiteElo "2892"]
[BlackElo "2701"]
[TimeControl "180+1"]
[EndTime "14:56:00 PDT"]
[Termination "DanielDardha2005 won on time"]

1. d4 Nf6 2. Bg5 d5 3. e3 Ne4 4. Bf4 Bf5 5. f3 Nd6 6. Nc3 e6 7. Bd3 Bg6 8. h4 Nd7 9. h5 Bxd3 10. Qxd3 c6 11. O-O-O Nc4 12. Rf1 Qa5 13. Nge2 b5 14. Kb1 Ndb6 15. e4 b4 16. Nd1 Qb5 17. Bc1 a5 18.
exd5 cxd5 19. f4 a4 20. f5 Bd6 21. fxe6 fxe6 22. Qh3 Qd7 23. h6 g6 24. Rf6 O-O-O 25. b3 axb3 26. axb3 Na5 27. Rxe6 Rhe8 28. Rxd6 Qxh3 29.
Rxd8+ Kxd8 30. Rxh3 Rxe2 31. Rg3 Nc6 32. Ne3 Nxd4 33.
Rxg6 Nxc2 34. Rg8+ Kd7 35. Nxc2 Nc8 36. Rg7+ 1-0

[Event "Late-Titled-Tuesday-Blitz-May-07-2024"]
[Site "Chess.com"]
[Date "2024.05.07"]
[Round "5"]
[White "realburq"]
[Black "IsaqueGoncalvesSanto"]
[Result "1-0"]
[WhiteElo "2345"]
[BlackElo "1822"]
[TimeControl "180+1"]
[EndTime "14:56:00 PDT"]
[Termination "realburq won on time"]

1. e4 e6 2. d4 d5 3. Nd2 Nc6 4. Ngf3 Nf6 5. e5 Nd7 6. c3 f6 7. exf6 Qxf6 8. Bd3 Bd6 9. Qc2 e5 10. dxe5 Ndxe5 11. O-O Nxd3 12. Qxd3 Be6 13. Nb3 O-O 14. Bg5 Qf7 15. Rfe1 Bg4 16. Nbd4 Qh5 17. h4 h6 18. Bd2 Nxd4 19. Nxd4 Qxh4 20. g3 Qh3 21.
Qf1 Qh5 22. Qg2 c5 23. Nb5 Bf3 24. Qh2 Qg6 25. Nxd6 Qxd6 26. Bf4 Qc6 27. Re7 Rf7 28. Rae1 Raf8 29. R7e6 Qb5 30. Bxh6 Qxb2 31. Bxg7 Rxg7 32. Rh6 Be4 33. Rh8+ Kf7 34. Qh5+ Ke7 35. Qxd5 Qxc3 36. Rxe4+ 1-0

[Event "Late-Titled-Tuesday-Blitz-May-07-2024"]
[Site "Chess.com"]
[Date "2024.05.07"]
[Round "5"]
[White "Eloist"]
[Black "BabageldiAnnaberdiyev"]
[Result "0-1"]
[WhiteElo "2405"]
[BlackElo "2575"]
[TimeControl "180+1"]
[EndTime "14:56:02 PDT"]
[Termination "BabageldiAnnaberdiyev won on time"]

1. e4 e6 2. d4 d5 3. Nd2 Nf6 4. e5 Nfd7 5. c3 c5 6. Bd3 Nc6 7. Ngf3 cxd4 8. cxd4 Qb6 9. Nb3 a5 10. a4 Bb4+ 11. Kf1 h6 12. Be3 Be7 13. g3 O-O 14.
Kg2 f5 15. h4 Ndb8 16. Rc1 Na6 17. h5 Bd7 18. Nh4 Bxh4 19. Rxh4 Nab4 20. Bb5 Rad8 21. Nc5 Bc8 22. Qd2 Rf7 23. g4 Rdf8 24. g5 hxg5 25.
Bxg5 Na7 26. h6 Nxb5 27. axb5 Qxb5 28. Rch1 b6 29. hxg7 Rxg7 30. Rh8+ Kf7 31. Rxf8+ Kxf8 32. Rh8+ Kf7 33. Rxc8 bxc5 34. Rc7+ Kg8 35. Rxg7+ Kxg7 36. Bf6+ Kf7 37. Qg5 Ke8 38. Qg8+ Kd7 39. Qf7+ Kc8 40. Qxe6+ Qd7 41. Qg8+ Kb7 42. e6 Qc8 43. Qf7+ Kc6 44. e7 cxd4 45. e8=Q+ Qxe8 46. Qxe8+ Kc5 47. Qc8+ Kb5 48.
Qb7+ Ka4 0-1

[Event "Late-Titled-Tuesday-Blitz-May-07-2024"]
[Site "Chess.com"]
[Date "2024.05.07"]
[Round "5"]
[White "AlexeiShirov"]
[Black "MITerryble"]
[Result "1-0"]
[WhiteElo "2894"]
[BlackElo "3020"]
[TimeControl "180+1"]
[EndTime "14:56:03 PDT"]
[Termination "AlexeiShirov won by resignation"]

1. e4 e6 2. d4 d5 3. e5 c5 4.
c3 Qb6 5. Nf3 Bd7 6. Be2 cxd4 7.
cxd4 Bb5 8. Nc3 Bxe2 9. Nxe2 Bb4+ 10. Bd2 Nc6 11. O-O Bxd2 12. Qxd2 Nge7 13. Rac1 O-O 14. h4 Rac8 15. h5 h6 16. g4 f6 17. exf6 Rxf6 18.
Rc3 Rcf8 19. Kg2 e5 20. Rb3 Qc7 21. dxe5 Nxe5 22. Nxe5 Qxe5 23. Qe3 Qc7 24. Nd4 Qd7 25. f3 Nc6 26. Re1 R6f7 27. Nf5 Kh8 28. Qe6 Qd8 29. Rd3 d4 30. Qe4 Qa5 31. Re2 Rxf5 32. gxf5 Qxf5 33. Qxf5 Rxf5 34. Rb3 Rg5+ 35. Kf2 b6 36. Re6 Rc5 37. f4 Kg8 38. Rg3 Kf7 39. Reg6 Ne7 40. Rxg7+ Kf6 41.
Rh7 Nd5 42. Rg6+ Kf5 43. Kf3 Rc7 44. Rxc7 Nxc7 45. Rxh6 Nd5 46. Rd6 1-0

[Event "Late-Titled-Tuesday-Blitz-May-07-2024"]
[Site "Chess.com"]
[Date "2024.05.07"]
[Round "5"]
[White "MikeSailer"]
[Black "AniJak"]
[Result "0-1"]
[WhiteElo "2128"]
[BlackElo "2376"]
[TimeControl "180+1"]
[EndTime "14:56:03 PDT"]
[Termination "AniJak won on time"]

1. d4 f5 2. g3 Nf6 3. Bg2 g6 4. b3 Bg7 5. Bb2 O-O 6. c4 d6 7. Nh3 Nc6 8. d5 Ne5 9. Nf4 g5 10. Nd3 Nxd3+ 11. Qxd3 Qe8 12. Nc3 Ne4 13. Rb1 Nxc3 14.
Bxc3 e5 15. dxe6 Bxe6 16. Bxg7 Kxg7 17. O-O Rb8 18. Qd4+ Kg8 19. Qxa7 f4 20. Qd4 Bf5 21. Rbc1 Qe5 22. Qxe5 dxe5 23. Rfd1 c6 24. Rd6 Kf7 25. Rcd1 Ra8 26. a4 Rfe8 27. Rh6 Kg7 28. Rhd6 Ra6 29. gxf4 exf4 30. Kf1 Rb6 31. a5 Rxb3 32. a6 bxa6 33. Rxc6 Rb2 34. Bf3 g4 35. Rc7+ Kf6 36. Rd6+ Kg5 37.
Rg7+ Bg6 38. Bd5 Rexe2 39. Re6 Rxf2+ 40. Kg1 f3 41. c5 Rg2+ 42. Kf1 Rb1+ 43. Re1 Rxe1+ 44.
Kxe1 Re2+ 45. Kf1 Kh6 46. Rd7 Rxh2 47. c6 Bd3+ 0-1

[Event "Late-Titled-Tuesday-Blitz-May-07-2024"]
[Site "Chess.com"]
[Date "2024.05.07"]
[Round "5"]
[White "KaydenTroffChess"]
[Black "DominguezOnYoutube"]
[Result "0-1"]
[WhiteElo "2870"]
[BlackElo "3009"]
[TimeControl "180+1"]
[EndTime "14:56:04 PDT"]
[Termination "DominguezOnYoutube won by resignation"]

1. d4 Nf6 2. Nf3 d5 3. Bf4 e6 4.
e3 c5 5. Nc3 Qb6 6. dxc5 Bxc5 7.
Na4 Qa5+ 8. c3 Be7 9. Nd4 Bd7 10. Qb3 b6 11. Bb5 O-O 12. Bxb8 Bxb5 13. Qxb5 Qxb5 14. Nxb5 Raxb8 15. b3 a6 16. Nd4 Rfc8 17. Rc1 b5 18. Nb2 Ba3 19. Rc2 Bxb2 20. Rxb2 Rxc3 21. Ke2 Rbc8 22.
Rd1 Kf8 23. f3 Ke7 24. Kd2 g6 25. b4 R3c4 26. a3 e5 27. Nb3 Nd7 28. Na5 R4c7 29.
Rdb1 Nb6 30. Ke2 Rc3 31. Ra2 Rc2+ 32. Rxc2 Rxc2+ 33. Kf1 Nc4 34. Nb3 Nxe3+ 35. Ke1 Nxg2+ 36. Kf1 Ne3+ 37. Kg1 d4 38. Nc5 f5 39. a4 Ra2 40.
Nxa6 Rxa4 41. Nc7 Ra2 42. Nxb5 g5 43. Nc7 d3 44. Nb5 d2 45. Nc3 Rc2 46. Kf2 Rxc3 47. Ke2 d1=Q+ 48. Rxd1 Nxd1 0-1

[Event "Late-Titled-Tuesday-Blitz-May-07-2024"]
[Site "Chess.com"]
[Date "2024.05.07"]
[Round "5"]
[White "carlsenCamacho"]
[Black "MathiasWomacka"]
[Result "0-1"]
[WhiteElo "2322"]
[BlackElo "2545"]
[TimeControl "180+1"]
[EndTime "14:56:04 PDT"]
[Termination "MathiasWomacka won by resignation"]

1. e4 c5 2. Nf3 d6 3. c3 Nf6 4. Be2 Bg4 5. h3 Bh5 6. d3 e6 7. O-O Be7 8. Qb3 Qc7 9. Bf4 Nc6 10. Nbd2 O-O 11. a4 Rac8 12. Rac1 Qd7 13. Rfe1 a6 14. Nf1 Na5 15. Qd1 c4 16. e5 cxd3 17. Qxd3 dxe5 18. Qxd7 Nxd7 19. Nxe5 Nxe5 20. Bxe5 Bxe2 21. Rxe2 Nc4 22.
b3 Nxe5 23. Rxe5 Bf6 24. Re3 Bg5 25. c4 Bxe3 26. Nxe3 Rfd8 27. Rc3 a5 28. Kh2 Rd2 29. Kg3 f6 30. Kf4 Kf7 31. Ke4 Rxf2 32. c5 Ke7 33.
Kd4 Rf4+ 34. Kd3 Rd8+ 35. Ke2 Rfd4 36. c6 bxc6 37. Rxc6 Rd2+ 38. Kf3 f5 39. Rb6 R8d3 40. g4 g6 41. gxf5 gxf5 42. h4 Kf6 43. Rb8 Rh2 44.
Kf4 e5+ 45. Kf3 Rh3+ 46. Kf2 Rhxe3 47. Rb6+ Kf7 48. h5 Rxb3 49. Ra6 Ra3 50. Rxa5 Reb3 51.
Rxe5 Rb2+ 52. Re2 Rxe2+ 53. Kxe2 Rxa4 0-1

[Event "Late-Titled-Tuesday-Blitz-May-07-2024"]
[Site "Chess.com"]
[Date "2024.05.07"]
[Round "5"]
[White "MyDream003"]
[Black "Cipy77"]
[Result "1-0"]
[WhiteElo "2835"]
[BlackElo "2640"]
[TimeControl "180+1"]
[EndTime "14:56:05 PDT"]
[Termination "MyDream003 won by resignation"]

1. e4 c5 2. Nf3 d6 3. d4 cxd4 4. Nxd4 Nf6 5. Nc3 g6 6. Be3 Bg7 7. f3 a6 8. Bc4 h5 9. Qd2 b5 10. Bb3 Bb7 11. O-O-O Nbd7 12. Rhe1 Rc8 13. Kb1 Nb6 14.
a3 Nfd7 15. Nd5 Bxd5 16. exd5 Ne5 17. Bg5 O-O 18. f4 Nec4 19. Bxc4 Nxc4 20. Qd3 Qb6 21. c3 Rfe8 22. f5 Ne5 23. Qh3 b4 24. axb4 a5 25. b5 a4 26. fxg6 fxg6 27. Qe6+ Kh7 28.
Rxe5 Bxe5 29. Qf7+ Bg7 30. Ne6 Rg8 31. Nf4 Rgf8 32.
Qxg6+ Kg8 33. Ne6 Rf7 34. Bh6 Qf2 35. Bxg7 Qf5+ 36. Qxf5 Rxf5 37. Bh6 a3 38. Rd2 Rf1+ 39. Ka2 Ra8 40. bxa3 Rc1 41. Kb2 Re1 42. Bf4 Re4 43.
Kb3 Rea4 44. Ra2 R8a5 45. c4 Ra8 46. Be3 R4a5 47. a4 Rc8 48. Bb6 Raa8 49. a5 Kf7 50. a6 Kg6 51. a7 Kf5 52. Nc7 Ke4 53. Nxa8 Rxa8 54. Bc7 Kd3 55. b6 1-0

[Event "Late-Titled-Tuesday-Blitz-May-07-2024"]
[Site "Chess.com"]
[Date "2024.05.07"]
[Round "5"]
[White "Caterpiller35"]
[Black "GMthekingindian"]
[Result "1-0"]
[WhiteElo "2437"]
[BlackElo "2266"]
[TimeControl "180+1"]
[EndTime "14:56:05 PDT"]
[Termination "Caterpiller35 won by resignation"]

1. d4 d5 2. Nc3 Nf6 3. Bf4 Bf5 4. f3 e6 5. g4 Bg6 6. h4 h5 7. g5 Nfd7 8. e4 Bb4 9. Bd3 O-O 10. Ne2 c5 11. exd5 Bxd3 12. Qxd3 exd5 13. O-O-O c4 14. Qf5 g6 15. Qxd5 Nb6 16. Qxd8 Rxd8 17. a3 Bf8 18. Bc7 Rd7 19. Bxb6 axb6 20. Ne4 Bg7 21. c3 Nc6 22. N2g3 Ne7 23. Rde1 Nd5 24. Ne2 b5 25. Nc5 Rc7 26. Ng3 b6 27. Nce4 Nf4 28.
Kc2 Nd3 29. Re2 Nf4 30. Ree1 Nd3 31. Re3 Rd8 32. Rh2 Rc6 33. Rhe2 Nf4 34. Re1 Nd3 35. Nf6+ Bxf6 36. Re8+ Rxe8 37. Rxe8+ Kg7 38. Ne4 Bxd4 39. cxd4 Ne1+ 40. Kc3 Nxf3 41. Nf6 Rxf6 42. gxf6+ Kxf6 43. d5 Ne5 44. d6 Nd7 45. Re7 Nb8 46. Kd4 Nc6+ 47.
Ke4 Nxe7 48. d7 Nf5 49. d8=Q+ Ke6 50. Qxb6+ Nd6+ 51. Kf4 f6 52. Qc6 Ke7 53. Qd5 Nf7 54. Qxb5 Nd6 55. Qc5 Ke6 56. a4 Nf7 57. Qxc4+ Ke7 58.
Qxf7+ Kxf7 59. a5 Ke6 60. a6 Kd6 61. a7 Kc7 1-0

[Event "Late-Titled-Tuesday-Blitz-May-07-2024"]
[Site "Chess.com"]
[Date "2024.05.07"]
[Round "5"]
[White "DucksParadise"]
[Black "FelixBlohberger"]
[Result "0-1"]
[WhiteElo "2564"]
[BlackElo "2743"]
[TimeControl "180+1"]
[EndTime "14:56:06 PDT"]
[Termination "FelixBlohberger won by checkmate"]

1. a4 e5 2. Ra3 Bxa3 3. Nxa3 Nf6 4. b3 O-O 5. Bb2 Re8 6. g3 d5 7. Bg2 Nc6 8. e3 Bf5 9. Ne2 Qd7 10. h3 Rad8 11. g4 Bg6 12. O-O h5 13. g5 Ne4 14.
f4 Bf5 15. Kh2 d4 16. d3 dxe3 17. dxe4 Qxd1 18. Rxd1 Rxd1 19. exf5 Rd2 20. Bf3 exf4 21. Bxh5 Ne5 22. Bxe5 Rxe5 23. Nc4 Rxf5 24. Nxd2 exd2 25. Nc3 Rxg5 26. Be2 Rc5 27. Nd1 Rxc2 28. Kg2 g5 29. Kf3 Rc6 30. h4 f6 31. Bc4+ Kg7 32. Kg4 Kh6 33.
hxg5+ fxg5 34. Bd5 Rc1 35. Bf3 Kg6 36. b4 c6 37. b5 cxb5 38. axb5 Kf6 39. Kh3 Ke5 40. Kg2 Kf5 41. Kf2 g4 42. Be2 f3 43. Bd3+ Kf4 44.
Ne3 g3# 0-1

[Event "Late-Titled-Tuesday-Blitz-May-07-2024"]
[Site "Chess.com"]
[Date "2024.05.07"]
[Round "5"]
[White "guillembaches"]
[Black "Indefatigable11"]
[Result "1-0"]
[WhiteElo "2570"]
[BlackElo "2393"]
[TimeControl "180+1"]
[EndTime "14:56:06 PDT"]
[Termination "guillembaches won by checkmate"]

1. d4 d5 2. Nf3 c6 3. Bg5 Bf5 4. Nbd2 Nd7 5. e3 Ngf6 6. Bd3 Bxd3 7. cxd3 e6 8. O-O h6 9. Bh4 g5 10. Bg3 Nh5 11. Ne5 Nxg3 12. hxg3 Bd6 13. f4 Qe7 14. Qh5 Nf6 15. Qf3 Bxe5 16. fxe5 Nd7 17. Qh5 Nf8 18. Rf6 Ng6 19. Raf1 Rh7 20. Qf3 Nh8 21. b4 Qxb4 22. Nb3 O-O-O 23. Nc5 b6 24. Nb3 Kb7 25. Qh5 Rd7 26.
Rxh6 Rxh6 27. Qxh6 Ng6 28. Qxg5 Qc3 29. Rd1 Qc2 30.
Rd2 Qb1+ 31. Kf2 Ne7 32. Qf6 Nf5 33. g4 Nxe3 34. Kxe3 Qe1+ 35. Re2 Qg3+ 36. Qf3 Qh2 37. Rb2 Kc7 38. Rc2 Qg1+ 39. Qf2 Qh2 40. Kd2 Qh6+ 41.
Qe3 Qh4 42. Qf3 f5 43. exf6 Rf7 44. Qf4+ Kb7 45. Qd6 Rxf6 46. Qxc6+ Ka6 47. Nc5+ Ka5 48. Qa4# 1-0

[Event "Late-Titled-Tuesday-Blitz-May-07-2024"]
[Site "Chess.com"]
[Date "2024.05.07"]
[Round "5"]
[White "AsaHoffmann"]
[Black "Mbneu"]
[Result "1-0"]
[WhiteElo "2423"]
[BlackElo "2219"]
[TimeControl "180+1"]
[EndTime "14:56:06 PDT"]
[Termination "AsaHoffmann won on time"]

1. d4 Nf6 2. Bg5 Ne4 3. Bf4 g5 4. Bc1 c5 5. f3 Nd6 6. Bxg5 cxd4 7. Qxd4 Rg8 8. Bc1 Bg7 9. Qd3 b6 10. Nc3 Ba6 11. Qxh7 Kf8 12. Bh6 Nc6 13. Bxg7+ Rxg7 14. Qh8+ Rg8 15. Qh6+ Ke8 16. O-O-O Rc8 17. e4 Bxf1 18. Rxf1 Ne5 19. Qd2 Nec4 20. Qd4 e5 21. Qd5 Rc5 22. Qd3 Qg5+ 23. f4 Qh6 24. Nf3 Rxg2 25. Kb1 b5 26. fxe5 Nxe5 27. Nxe5 Rxe5 28. Nd5 Nc4 29. Nf6+ Ke7 30.
Qxd7+ Kf8 31. Qd8+ Kg7 32. Rhg1 Nd2+ 33. Ka1 Qg5 34. Ne8+ Rxe8 35. Qxg5+ Rxg5 36. Rxg5+ Kh6 37. Rd1 Nxe4 38. Rxb5 f6 39. a4 Re6 40. Rb4 Nd6 41. Rbd4 Nf5 42. Rf4 Ne3 43. Rc1 Kg5 44. Rf3 1-0

[Event "Late-Titled-Tuesday-Blitz-May-07-2024"]
[Site "Chess.com"]
[Date "2024.05.07"]
[Round "5"]
[White "dlp300"]
[Black "XDPS"]
[Result "1-0"]
[WhiteElo "2662"]
[BlackElo "2826"]
[TimeControl "180+1"]
[EndTime "14:56:07 PDT"]
[Termination "dlp300 won on time"]

1. d4 d5 2. c4 e6 3. Nf3 h6 4.
Nc3 Nf6 5. g3 dxc4 6. Bg2 Nbd7 7. Qa4 a6 8. O-O Rb8 9. Qxc4 b5 10. Qd3 c5 11. Rd1 Bb7 12. Bf4 Rc8 13. dxc5 Bxc5 14.
Bd6 Qb6 15. e3 Bxd6 16. Qxd6 Qxd6 17. Rxd6 Ke7 18. Rad1 b4 19. Na4 Rc7 20. Nb6 Bxf3 21. Bxf3 Ne5 22. Be2 a5 23. f4 Ned7 24. Nxd7 Rxd7 25.
Rxd7+ Nxd7 26. Rc1 Kd6 27. Bf3 Nb8 28. Kf2 Rd8 29.
Ke2 Ke7 30. Rc7+ Rd7 31. Rc8 Rd8 32. Rc7+ Rd7 33. Rc8 Rd8 34. Rc5 a4 35. Rb5 b3 36.
axb3 axb3 37. Rxb3 Nd7 38. Rb7 Kf8 39. b4 e5 40. Bd5 exf4 41. gxf4 g5 42. Kf3 1-0

[Event "Late-Titled-Tuesday-Blitz-May-07-2024"]
[Site "Chess.com"]
[Date "2024.05.07"]
[Round "5"]
[White "Mackster23"]
[Black "K_A_S_T_O_R"]
[Result "0-1"]
[WhiteElo "2590"]
[BlackElo "2833"]
[TimeControl "180+1"]
[EndTime "14:56:07 PDT"]
[Termination "K_A_S_T_O_R won by checkmate"]

1. e4 e6 2. d4 d5 3. Nc3 Bb4 4. e5 c5 5. a3 Bxc3+ 6. bxc3 Ne7 7.
Qg4 Kf8 8. Qd1 b6 9. h4 Ba6 10. Bxa6 Nxa6 11. h5 h6 12. Rh3 Nb8 13. Ne2 Nd7 14.
Nf4 cxd4 15. cxd4 Rc8 16. Bd2 a5 17. c3 Kg8 18. Qg4 Nf8 19. Rb1 Nf5 20. Rb5 Ne7 21.
Rg3 Rh7 22. Qd1 Nf5 23. Rg4 Nd7 24. Qb1 Ne7 25. a4 Rc4 26. Qb3 Qc7 27. Ne2 Qc6 28. Rf4 Nc8 29. Qa3 g6 30. hxg6 fxg6 31. Rg4 Ne7 32.
Bxh6 Kf7 33. Bg5 Nf5 34. Kd2 Rh5 35. Ng3 Rh7 36. Nxf5 exf5 37. Qe7+ Kg8 38. Qd8+ Nf8 39.
Rg3 Qd7 40. Qxb6 Rxa4 41. Be3 Ra2+ 42. Rb2 Rxb2+ 43. Qxb2 Qc6 44. Qa3 Rb7 45. Qxa5 Rb2+ 46. Kc1 Rb3 47. Bd2 Qc4 48. Qd8 Qf1+ 49. Be1 Qxe1+ 50. Kc2 Qb1+ 51. Kd2 Rb2+ 52. Ke3 Qe4# 0-1

[Event "Late-Titled-Tuesday-Blitz-May-07-2024"]
[Site "Chess.com"]
[Date "2024.05.07"]
[Round "5"]
[White "Polish_fighter3000"]
[Black "DeTimmerman"]
[Result "1-0"]
[WhiteElo "3117"]
[BlackElo "2757"]
[TimeControl "180+1"]
[EndTime "14:56:09 PDT"]
[Termination "Polish_fighter3000 won on time"]

1. d4 Nf6 2. Bg5 Ne4 3. Bf4 c5 4. f3 Qa5+ 5. c3 Nf6 6. d5 e6 7.
e4 exd5 8. exd5 d6 9. Na3 Be7 10. g4 O-O 11. h4 Re8 12. Nc4 Qd8 13. Ne3 Nbd7 14. a4 Nf8 15. h5 N6d7 16. Nh3 h6 17.
Kf2 Nh7 18. Nf5 Ne5 19. Nxe7+ Qxe7 20. Kg2 f5 21. Be2 fxg4 22. fxg4 Bd7 23. Nf2 Rf8 24. Qd2 Rae8 25. Raf1 b6 26. b3 Qf7 27. Kg3 Nf6 28. c4 Bxg4 29. Bxe5 Bxe2 30. Bxd6 Bxf1 31. Bxf8 Rxf8 32.
Rxf1 Ne4+ 33. Nxe4 Qxf1 34. Qe3 Qf5 35. Nd6 Qf6 36.
Qe6+ Qxe6 37. dxe6 1-0

[Event "Late-Titled-Tuesday-Blitz-May-07-2024"]
[Site "Chess.com"]
[Date "2024.05.07"]
[Round "5"]
[White "ChessSwole"]
[Black "ChessLover0108"]
[Result "1/2-1/2"]
[WhiteElo "2633"]
[BlackElo "2950"]
[TimeControl "180+1"]
[EndTime "14:56:10 PDT"]
[Termination "Game drawn by repetition"]

1. d4 d5 2. Nf3 Nf6 3. Bf4 Bf5 4. e3 e6 5. Bd3 Bd6 6. Bxd6 Qxd6 7. O-O Nbd7 8. c4 Bxd3 9. Qxd3 O-O 10. Nc3 c6 11. e4 dxe4 12. Nxe4 Nxe4 13. Qxe4 Rfd8 14. Rfd1 a5 15. h3 a4 16. Rac1 Qb4 17. Rc2 h6 18.
Ne5 Nxe5 19. Qxe5 Rd7 20. Qe3 Rad8 21. a3 Qa5 22. Rcd2 b5 23. Qe2 b4 24. Qe4 b3 25. Rd3 Qa6 26. d5 cxd5 27. cxd5 exd5 28.
Rxd5 Rxd5 29. Rxd5 Rxd5 30. Qxd5 Qf6 31. Qa8+ Kh7 32. Qe4+ g6 33. Qe2 Kg7 34. Qd2 Qe5 35.
g3 h5 36. h4 Qc5 37. Qf4 Qc2 38. Qe5+ Kh7 39. Qf6 Qc7 40. Kh2 Kg8 41. Qd4 Qc2 42. Qd8+ Kg7 43. Qd4+ Kh7 44. Qf6 Qc4 45. Qe5 Kg8 46. Qf6 Qd5 47. Qf4 Kg7 48. Qxa4 Qd2 49. Qxb3 Qxf2+ 50. Kh1 Qf1+ 51. Kh2 Qf2+ 52. Kh1 Qe1+ 53.
Kh2 Qf2+ 1/2-1/2

[Event "Late-Titled-Tuesday-Blitz-May-07-2024"]
[Site "Chess.com"]
[Date "2024.05.07"]
[Round "5"]
[White "Flaccidmoves"]
[Black "Ajedrez_con_German"]
[Result "1/2-1/2"]
[WhiteElo "2389"]
[BlackElo "2591"]
[TimeControl "180+1"]
[EndTime "14:56:14 PDT"]
[Termination "Game drawn by repetition"]

1. d4 Nf6 2. c4 g6 3. g3 Bg7 4.
Bg2 O-O 5. e4 d6 6. Ne2 c5 7. O-O cxd4 8. Nxd4 Nc6 9. Nb3 Be6 10.
c5 Bxb3 11. Qxb3 Nd4 12. Qxb7 Nc2 13. cxd6 exd6 14. e5 Rb8 15. exf6 Rxb7 16. fxg7 Kxg7 17. Bxb7 Nxa1 18. Na3 Qf6 19. Rd1 Re8 20. Be3 Kg8 21.
Bd4 Qe7 22. Bf3 Rc8 23. Rxa1 Qg5 24. Kg2 Qa5 25. Rd1 Qb4 26. Nb1 Re8 27. Bc3 Qb6 28.
Nd2 f5 29. Bd5+ Kf8 30. Nc4 Qc5 31. a3 Rb8 32. Nxd6 Qxd6 33. Bb4 Rxb4 34. axb4 Qxb4 35. b3 a5 36. h4 Ke7 37. Rd3 Kf6 38. Re3 Qd4 39.
Re6+ Kg7 40. Rd6 Kh6 41. Rd7 Qe5 42. f3 Qe2+ 43. Kh3 Qf1+ 44. Kh2 Qf2+ 45. Kh3 Qg1 46. f4 Qf1+ 47. Kh2 Qf2+ 48. Kh3 Qf1+ 49. Kh2 Qf2+ 50. Kh3 Qf1+ 1/2-1/2

[Event "Late-Titled-Tuesday-Blitz-May-07-2024"]
[Site "Chess.com"]
[Date "2024.05.07"]
[Round "5"]
[White "Redzishchess"]
[Black "TokChess"]
[Result "1-0"]
[WhiteElo "2516"]
[BlackElo "2630"]
[TimeControl "180+1"]
[EndTime "14:56:15 PDT"]
[Termination "Redzishchess won by checkmate"]

1. Nf3 Nf6 2. b3 b6 3. g3 Bb7 4. Bg2 e6 5. Bb2 c5 6. O-O Be7 7. c4 O-O 8. Nc3 d6 9. d4 cxd4 10. Qxd4 a6 11. Rac1 Nbd7 12. Rfd1 Qc7 13. h4 Rfd8 14.
Ba3 Nc5 15. Bh3 Rac8 16. g4 Qb8 17. g5 Nfd7 18. Bb2 Bf8 19. h5 Qa8 20. Bg2 e5 21. Qh4 Ne6 22. Qg4 Nf4 23. Bh1 b5 24. e3 Ne6 25. g6 Nf6 26. gxf7+ Kxf7 27. Qf5 g6 28. hxg6+ hxg6 29. Qh3 Bg7 30. Nd5 Rh8 31. Qg3 bxc4 32. Bg2 Bxd5 33. bxc4 Be4 34. Rxd6 Bxf3 35. Bxf3 e4 36. Rxe6 exf3 37. Qe5 Rhf8 38. Rxf6+ Kg8 39. Rxf8+ Bxf8 40. Qh8+ Kf7 41. Qh7+ Ke6 42. Qxg6+ Kd7 43. Rd1+ Kc7 44. Be5+ Kb7 45. Rb1+ Ka7 46. Qb6# 1-0

[Event "Late-Titled-Tuesday-Blitz-May-07-2024"]
[Site "Chess.com"]
[Date "2024.05.07"]
[Round "5"]
[White "Hirna2005"]
[Black "nabukatnezarr"]
[Result "0-1"]
[WhiteElo "2323"]
[BlackElo "2588"]
[TimeControl "180+1"]
[EndTime "14:56:15 PDT"]
[Termination "nabukatnezarr won on time"]

1. e4 e5 2. Nf3 Nc6 3. Bc4 Nf6 4. d4 exd4 5. e5 d5 6. Bb5 Ne4 7. Nxd4 Bd7 8. Bxc6 bxc6 9. O-O Bc5 10. Be3 Qe7 11. Re1 Bb6 12. Nb3 O-O 13. f3 Ng5 14. Qd2 Ne6 15. c3 Rad8 16. a4 a5 17. Qf2 Rb8 18.
N1d2 c5 19. Nf1 c4 20. Nd4 Nc5 21. Re2 Nd3 22. Qg3 Qxe5 23. f4 Qh5 24. Rd2 Rfe8 25. b3 f6 26. bxc4 dxc4 27. Rad1 Kh8 28. h3 Bxa4 29. Ra1 Bd7 30. f5 Bxf5 31. Nc6 Ra8 32. Bd4 Be4 33. Bxb6 cxb6 34. Nd4 Qg6 35. Qc7 Rab8 36.
Ng3 Ba8 37. Kh2 Rec8 38. Qd7 Ne5 39. Qa7 h5 40. Ngf5 Re8 41. Qc7 Qg5 42. Re1 Qf4+ 43. Kh1 Rg8 44. Rde2 Rbe8 0-1

[Event "Late-Titled-Tuesday-Blitz-May-07-2024"]
[Site "Chess.com"]
[Date "2024.05.07"]
[Round "5"]
[White "VictorFcQNK"]
[Black "Kostukov_Alex"]
[Result "0-1"]
[WhiteElo "2104"]
[BlackElo "2372"]
[TimeControl "180+1"]
[EndTime "14:56:16 PDT"]
[Termination "Kostukov_Alex won on time"]

1. d4 g6 2. e4 Bg7 3. Nf3 c5 4. Nc3 cxd4 5. Nxd4 Nc6 6. Be3 Nf6 7. Bc4 O-O 8. Bb3 a5 9. f3 a4 10. Bxa4 d5 11. Nxc6 bxc6 12. Bxc6 Rb8 13. O-O dxe4 14. Nxe4 Nxe4 15. Bxe4 Rxb2 16. a4 Ba6 17. Qxd8 Rxd8 18. Rfd1 Rc8 19. Rab1 Ra2 20. Rd7 Bf6 21. Ra7 Bc4 22.
a5 Ra3 23. Bf2 h5 24. h4 Kg7 25. Rbb7 Rd8 26. Rd7 Rxd7 27. Rxd7 Rxa5 28. Kh2 Ra1 29. Bd3 Be6 30. Rb7 Be5+ 31. Bg3 Bf6 32. Rc7 Rc1 33.
Rc6 Bd5 34. Rc5 e6 35. Rc7 Rd1 36. Be2 Rd2 37. Bd3 Bxf3 38. Kh3 Bxg2+ 39. Kh2 Be4+ 40. Kh3 Bf5+ 41. Bxf5 exf5 42. c4 Rd3 43. c5 Rxg3+ 44.
Kxg3 Be5+ 45. Kf3 Bxc7 0-1